AoeStats
← RDA Ronan

MegaRandom

505056555Analyzed
4v4 RM · 24d ago on Sep 7, 2026· 37m 31s· 8 players
Game mode
Random Map
Map size
Large (8 player)
Population
200
Speed
Normal
Resources
Standard
Victory
Conquest
Starting age
Dark Age
Ending age
Imperial Age
RankedLock teamsTeams togetherTeam positionsShared explorationLock speedFull tech treeHidden civsTurbo modeCheats
Victory
Defeat
🇦🇷 Jurchens · Argentina
1205
+17
🇦🇷 Malay · Argentina
1198
+17
🇦🇷 Vietnamese · Argentina
1186
+17
🇦🇷 Turks · Argentina
1185
+18
🇸🇪 Italians · Sweden
1347
-23
🇸🇪 Ethiopians · Sweden
1247
-18
🇸🇪 Hindustanis · Sweden
1147
-14
🇸🇪 Vietnamese · Sweden
1137
-14
RDA Ronan
1:19 Loom
11:42 Feudal Age
11:47 Man-at-Arms
13:32 Double-Bit Axe
14:59 Wheelbarrow
14:52 Fletching
20:23 Castle Age
19:40 Padded Archer Armor
20:10 Gold Mining
20:23 Stone Mining
20:31 Crossbowman
21:09 Bodkin Arrow
22:40 Bow Saw
22:51 Leather Archer Armor
24:55 Horse Collar
25:13 Town Watch
26:18 Thumb Ring
29:43 Imperial Age
28:54 Stone Shaft Mining
28:46 Ballistics
31:29 Chemistry
30:31 Bracer
29:56 Arbalester
30:03 Arbalester
31:56 Coinage
31:57 Ring Archer Armor
31:55 Paper Money
33:49 Siege Engineers
RDA | Damiii el TORO
1:11 Loom
12:07 Feudal Age
12:10 Double-Bit Axe
16:46 Castle Age
17:46 Forging
17:19 Pikeman
20:43 Elite Skirmisher
22:38 Fletching
24:56 Bow Saw
32:01 Wheelbarrow
32:00 Squires
32:23 Town Watch
32:25 Horse Collar
35:22 Hand Cart
38:03 Imperial Age
35:37 Heavy Plow
37:02 Iron Casting
38:35 Crop Rotation
RDA Infernus
1:14 Loom
11:02 Feudal Age
15:04 Castle Age
14:35 Wheelbarrow
13:59 Double-Bit Axe
14:33 Gold Mining
14:26 Horse Collar
15:04 Town Watch
15:39 Bloodlines
15:36 Scale Barding Armor
15:43 Forging
15:29 Light Cavalry
18:11 Husbandry
19:37 Hand Cart
22:44 Chain Barding Armor
24:47 Heavy Plow
28:10 Imperial Age
27:16 Bow Saw
27:50 Gold Shaft Mining
27:59 Iron Casting
29:14 Conscription
30:22 Plate Barding Armor
30:49 Blast Furnace
30:34 Crop Rotation
29:56 Elite Steppe Lancer
RDA Lurchoton
8:34 Loom
10:30 Feudal Age
11:08 Double-Bit Axe
11:13 Horse Collar
13:25 Stone Mining
16:13 Castle Age
16:20 Fletching
19:08 Wheelbarrow
21:34 Town Watch
22:48 Heavy Plow
24:18 Gold Mining
25:33 Padded Archer Armor
27:55 Hand Cart
29:36 Leather Archer Armor
30:27 Bow Saw
34:08 Imperial Age
33:56 Town Patrol
34:07 Bodkin Arrow
34:33 Bloodlines
34:25 Husbandry
35:17 Conscription
34:43 Elite Janissary
Gripen
1:13 Loom
9:55 Feudal Age
14:27 Castle Age
13:54 Scale Barding Armor
14:00 Forging
14:30 Wheelbarrow
13:59 Double-Bit Axe
13:55 Horse Collar
14:46 Bloodlines
14:32 Light Cavalry
23:47 Chain Barding Armor
26:12 Hand Cart
26:55 Fletching
26:58 Town Watch
28:26 Bodkin Arrow
31:30 Imperial Age
29:17 Gold Mining
29:18 Stone Mining
29:47 Padded Archer Armor
32:13 Leather Archer Armor
32:06 Husbandry
32:38 Conscription
31:47 Capped Ram
33:30 Chemistry
32:50 Ballistics
32:36 Bracer
32:49 Elite Genoese Crossbowman
34:22 Ring Archer Armor
35:11 Masonry
34:41 Treadmill Crane
Admiral Pronk
1:52 Loom
11:55 Feudal Age
16:09 Castle Age
14:28 Double-Bit Axe
14:26 Horse Collar
15:13 Gold Mining
16:05 Stone Mining
16:26 Crossbowman
17:39 Heavy Plow
17:52 Bow Saw
19:50 Fletching
21:05 Wheelbarrow
24:26 Ballistics
24:04 Bodkin Arrow
24:09 Padded Archer Armor
24:50 Squires
28:37 Leather Archer Armor
28:33 Forging
28:24 Scale Mail Armor
32:30 Imperial Age
30:41 Bloodlines
30:32 Husbandry
31:18 Thumb Ring
32:18 Chain Mail Armor
32:39 Scale Barding Armor
33:10 Iron Casting
32:07 Pikeman
34:13 Plate Mail Armor
36:06 Hand Cart
WennisTheMenace
2:23 Loom
9:56 Feudal Age
10:26 Town Watch
15:47 Castle Age
14:33 Bloodlines
14:15 Double-Bit Axe
14:14 Horse Collar
14:42 Scale Barding Armor
16:22 Forging
20:44 Squires
20:45 Scale Mail Armor
24:08 Chain Barding Armor
24:47 Iron Casting
25:59 Husbandry
27:50 Wheelbarrow
27:49 Chain Mail Armor
29:15 Gold Mining
29:29 Heavy Plow
33:07 Imperial Age
30:36 Fletching
34:58 Blast Furnace
34:23 Arson
35:18 Elite Ghulam
37:53 Chemistry
37:14 Ballistics
LilleSkutt
1:30 Loom
13:34 Feudal Age
14:31 Double-Bit Axe
14:42 Horse Collar
20:38 Castle Age
18:32 Fletching
22:02 Forging
26:13 Wheelbarrow
25:23 Town Watch
26:29 Crossbowman
26:48 Elite Skirmisher
27:45 Padded Archer Armor
29:53 Leather Archer Armor
31:44 Bodkin Arrow
33:02 Thumb Ring
Connection lost

Rejoining the realm…

Still unreachable

The connection could not be restored.

Session expired

The server has moved on; the page needs a fresh start.